 Dungeon Crawl Stone Soup version 0.17-a0-1093-g0b3cd89 (webtiles) character file.

130 HEYYEYAAE the Ducker (level 5, 0/36 HPs)
             Began as an Octopode Fighter on May 20, 2015.
             Slain by an orc priest
             ... wielding a +0 club
              (3 damage)
             ... on level 3 of the Dungeon.
             The game lasted 00:01:22 (1378 turns).

HEYYEYAAE the Ducker (Octopode Fighter)             Turns: 1378, Time: 00:01:22

Health: 0/36       AC:  1    Str: 15    XL:     5   Next: 13%
Magic:  5/5        EV: 11    Int: 10    God:
Gold:   104        SH:  9    Dex: 13    Spells: 0 memorised, 4 levels left

rFire  . . .     SeeInvis .     a - +0 war axe
rCold  . . .     Clarity  .     b - +0 shield
rNeg   . . .     SustAb   .     (helmet restricted)
rPois  .         Gourm    .     (no amulet)
rElec  .         Spirit   .     (no ring)
rCorr  .         Warding  .     (no ring)
rMut   .         Stasis   .     (no ring)
MR     .....                    (no ring)
Stlth  ++........               (no ring)
                                (no ring)
                                (no ring)
                                (no ring)

@: not resistant to hostile enchantments, unstealthy
A: almost no armour, amphibious, 8 rings, constrict 8, camouflage 1, gelatinous
body 1
a: no special abilities


You were on level 3 of the Dungeon.
You were hungry.

You visited 1 branch of the dungeon, and saw 3 of its levels.

You collected 104 gold pieces.

Inventory:

Hand weapons
 a - a +0 war axe (weapon)
Armour
 b - a +0 shield (worn)
Scrolls
 f - 2 scrolls of amnesia {unknown}
 g - 3 scrolls of identify {unknown}
 i - 2 scrolls of remove curse {unknown}
 l - a scroll of magic mapping {unknown}
 o - a scroll of teleportation {unknown}
 q - a scroll of recharging {unknown}
Potions
 e - a potion of flight {unknown}
 h - a potion of cancellation {unknown}
 k - a potion of heal wounds {unknown}
 m - a potion of poison {unknown}
 r - a potion of curing {unknown}
Books
 p - a book of Air

   Spells                             Type                      Level
   a - Shock                          Conjuration/Air              1
   b - Swiftness                      Charms/Air                   2
   c - Repel Missiles                 Charms/Air                   2
   d - Static Discharge               Conjuration/Air              3
   e - Lightning Bolt                 Conjuration/Air              5
Comestibles
 d - 2 bread rations
 j - a slice of pizza
 n - a beef jerky


   Skills:
 + Level 3.5 Fighting
 + Level 2.8 Axes
 * Level 4.1 Dodging
 * Level 3.9 Shields


You had 4 spell levels left.
You didn't know any spells.

Dungeon Overview and Level Annotations

Branches:
Dungeon (3/15)

Altars:
Makhleb


Innate Abilities, Weirdness & Mutations

You cannot wear most types of armour.
You are amphibious.
You can wear up to eight rings at the same time.
You can use your tentacles to constrict eight enemies at once.
Your skin changes colour to match your surroundings (Stealth).
Your rubbery body absorbs attacks (AC +1).


Message History

You constrict the orc priest, but do no damage.
The orc priest hits you with a club.
* * * LOW HITPOINT WARNING * * *
The orc priest closely misses you.
Unknown command.
You hit the orc priest but do no damage.
You squeeze the orc priest!
The orc priest is severely wounded.
You feel a little less mighty now.
You constrict the orc priest, but do no damage.
You block the orc priest's attack. The orc hits you with a dagger.
* * * LOW HITPOINT WARNING * * *
Your shield prevents you from hitting the orc priest.
The orc priest is severely wounded.
You hit the orc.
You kill the orc!
You hear a splash.
You constrict the orc priest, but do no damage.
The orc priest hits you with a club.
You die...

#.#≈≈≈((≈P≈≈≈≈P♣♣...
#.≈P≈≈≈≈≈≈≈≈≈P≈≈≈≈..
#.♣≈≈≈(≈≈≈≈≈P≈≈≈≈≈≈.
####...≈≈≈≈≈≈≈≈≈≈P≈≈P♣.
#...%........?.........
#.###P(≈≈≈≈≈≈≈≈≈≈≈≈≈≈≈.
♣P.≈≈≈≈≈≈P≈≈≈≈≈≈≈≈≈
#≈♣).≈P≈≈♣♣♣≈P≈≈PP≈≈♣
♣≈≈@≈≈≈♣♣ ♣♣≈≈ ♣≈≈o)≈≈♣
♣≈≈.≈≈≈♣ #≈≈≈.≈≈≈♣
#≈♣≈.≈P♣# #P♣≈.≈≈≈
#♣♣≈.≈≈♣# ♣≈.≈≈≈


You could see an orc priest.

Vanquished Creatures
  The ghost of HEYYEYAAE the Shield-Bearer, a weakling OpFi (D:3)
  An orc wizard (D:3)
  2 adders (D:3)
  2 giant geckos (D:1)
  2 orcs (D:3)
  8 bats
  A giant cockroach (D:2)
  4 hobgoblins
  7 giant newts
  3 goblins
  3 jackals
  6 kobolds
  6 rats (D:1)
46 creatures vanquished.

Notes
Turn   | Place    | Note
--------------------------------------------------------------
     0 | D:1      | HEYYEYAAE the Octopode Fighter began the quest for the Orb.
     0 | D:1      | Reached XP level 1. HP: 16/16 MP: 1/1
   112 | D:1      | Reached XP level 2. HP: 17/21 MP: 2/2
   696 | D:1      | Reached XP level 3. HP: 26/26 MP: 3/3
   804 | D:2      | Found a burning altar of Makhleb.
  1314 | D:3      | Noticed HEYYEYAAE's ghost (weakling OpFi)
  1323 | D:3      | Killed HEYYEYAAE's ghost
  1323 | D:3      | Reached XP level 4. HP: 10/31 MP: 4/4
  1342 | D:3      | Reached skill level 4 in Dodging
  1374 | D:3      | Reached XP level 5. HP: 17/36 MP: 5/5
  1378 | D:3      | Slain by an orc priest

Vault maps used:
D:1:      minmay_arrival_up_and_down, st_stairs_12
D:2:      nicolae_overflow_crystal_walls, first_bread
D:3:      serial_bayou_lagoon_b

Action                   |  1- 3 |  4- 6 || total
-------------------------+-------+-------++-------
Melee: War axe           |    74 |     8 ||    82
  Use: Potion            |     1 |       ||     1
 Stab: Sleeping          |     7 |       ||     7
  Eat: Chunk             |     1 |       ||     1
